Description

Auto replay extract Max out at 10:18

Replay - B2GM_Zerg_2_Silver_3_G02_ZvT

Build Order

Get SALT Encoding   

  12  0:02  Drone  
  13  0:13  Overlord  
  13  0:22  Drone  
  14  0:33  Drone x2  
  16  0:54  Hatchery  
  15  0:57  Drone x2  
  15  1:04  Drone  
  18  1:19  Spawning Pool  
  18  1:20  Drone x2  
  19  1:32  Drone  
  20  1:35  Extractor  
  19  1:48  Overlord  
  22  2:17  Queen x2  
  27  2:24  Spine Crawler  
  28  2:40  Overlord  
  30  2:53  Overlord  
  30  3:03  Lair  
  35  3:21  Overlord  
  43  3:38  Roach Warren  
  43  3:40  Evolution Chamber  
  41  3:46  Extractor x2  
  42  3:51  Queen  
  47  4:07  Zerg Missile Weapons Level 1  
  48  4:18  Glial Reconstitution  
  48  4:25  Roach x4  
  48  4:28  Hatchery  
  48  4:30  Roach x2  
  57  4:35  Roach  
  61  4:41  Queen  
  79  6:00  Evolution Chamber  
  89  6:12  Hydralisk Den, Extractor  
  87  6:29  Zerg Missile Weapons Level 2  
  87  6:30  Zerg Ground Armor Level 1  
  87  6:33  Extractor x2  
  89  6:49  Hatchery  
  88  6:55  Hydralisk x5  
  98  7:06  Hydralisk x4, Grooved Spines  
  106  7:20  Hydralisk  
  122  8:04  Muscular Augments  
  132  8:21  Hatchery  
  139  8:30  Extractor x2  
  157  9:05  Infestation Pit  
  157  9:06  Extractor x2  
  170  9:17  Hatchery  
  169  9:42  Hive  
  169  9:47  Lurker Den  
  168  10:14  Zerg Ground Armor Level 2  
Spawning Tool Build Advisor. Get it on Overwolf

Go to:

Details

  • Created by: g.georgi@gmail.com
  • Published on: Apr 30, 2025
  • Modified on: Apr 30, 2025
  • Patch: 5.0.11
  • Difficulty: Medium
Show
View Real Time Build Order
Export as new Build Order

Comments (0)

There are no comments. Be the first!

Create an account to comment!